Map: Prion Terraces

Players

FireCake - Winner!

  • Race: Zerg Zerg
  • League: Grandmaster

uThermal

  • Race: Terran Terran
  • League: Grandmaster

Event: Homestory Cup XII

VOD

Have the link to the VOD?

Description

Time

  • Played on: Dec. 19, 2015, 8:34 a.m.
  • Length: 10:57

All games in this series

Show
View Real Time Build Order
Export as new Build Order

FireCake Zerg - Winner!

Build Orders: Pool First 

Get SALT Encoding   

  12  0:01  Drone  
  13  0:07  Drone  
  14  0:17  Overlord  
  14  0:22  Extractor  
  14  0:23  Drone  
  15  0:35  Drone x2  
  17  0:44  Spawning Pool  
  17  0:46  Drone  
  17  0:54  Drone  
  18  1:01  Extractor  
  17  1:12  Hatchery  
  17  1:15  Drone  
  17  1:32  Zergling x2, Queen  
  19  1:34  Drone  
  19  1:38  Drone  
  22  1:48  Overlord  
  22  1:55  Roach Warren  
  22  1:59  Drone  
  22  2:08  Queen  
  23  2:35  Roach x4  
  31  2:42  Drone x3  
  31  2:43  Overlord  
  34  2:51  Drone x2  
  36  3:06  Drone  
  36  3:07  Drone  
  38  3:13  Ravager x2  
  38  3:19  Drone x4  
  44  3:23  Overlord  
  44  3:28  Overlord  
  44  3:42  Ravager  
  44  3:44  Roach  
  45  3:50  Drone x5  
  45  3:51  Drone x3  
  53  3:56  Overlord, Drone  
  53  3:57  Drone x2  
  53  3:58  Ravager  
  57  4:07  Drone  
  57  4:08  Drone  
  58  4:10  Extractor  
  58  4:12  Extractor x2  
  58  4:14  Overlord  
  58  4:16  Lair  
  55  4:22  Overlord  
  55  4:26  Drone  
  57  4:31  Drone  
  57  4:32  Hatchery  
  57  4:37  Drone x3  
  57  4:38  Drone  
  60  4:42  Queen  
  62  4:47  Overlord  
  62  4:48  Drone x2  
  64  4:55  Overlord  
  64  4:57  Drone  
  65  5:14  Spire  
  64  5:18  Queen  
  64  5:20  Roach x4  
  74  5:25  Overseer  
  74  5:28  Overlord  
  74  5:32  Drone  
  74  5:33  Drone x4  
  79  5:37  Ravager  
  79  6:05  Drone x6  
  82  6:13  Drone  
  80  6:29  Mutalisk x8  
  96  6:35  Evolution Chamber x2  
  96  6:36  Drone x4  
  98  6:42  Glial Reconstitution  
  98  6:43  Overlord x2  
  98  6:45  Drone x4  
  102  6:48  Extractor x2  
  100  6:58  Evolution Chamber  
  100  7:00  Hatchery  
  99  7:04  Zerg Missile Weapons Level 1, Zerg Ground Armor Level 1  
  99  7:06  Roach  
  101  7:10  Overlord x3  
  101  7:25  Roach x10  
  121  7:36  Pneumatized Carapace  
  117  7:46  Roach  
  117  7:47  Roach x9  
  137  7:59  Roach x4  
  137  8:05  Ravager  
  146  8:07  Overlord x2  
  146  8:08  Overlord  
  146  8:14  Roach x3  
  146  8:18  Overlord x2  
  152  8:26  Roach x3  
  152  8:27  Roach x2  
  158  8:35  Roach  
  158  8:36  Roach x4  
  167  8:42  Overlord x2  
  167  8:47  Ravager x6  
  171  8:51  Roach x3  
  177  9:06  Roach  
  177  9:07  Roach x8  
  189  9:23  Roach x9  
  165  9:31  Roach x4  
  161  9:40  Roach x5  
  161  9:46  Roach  
  161  9:47  Roach x2  
  155  9:57  Roach x6  
  140  10:08  Roach x4  
  140  10:09  Roach x2  
  150  10:15  Roach x4  
  158  10:23  Roach x4  
  162  10:33  Roach x5  
Show
View Real Time Build Order
Export as new Build Order

uThermal Terran 

Build Orders: Liberator Opening, Reaper Expand, MMM Bio 

Get SALT Encoding   

  12  0:01  SCV  
  13  0:13  SCV  
  14  0:18  Supply Depot  
  14  0:25  SCV  
  15  0:39  SCV  
  15  0:41  Barracks  
  16  0:44  Refinery  
  16  0:51  SCV  
  17  1:03  SCV  
  18  1:16  SCV  
  19  1:28  Reaper, Orbital Command  
  20  1:40  Command Center  
  20  1:47  Supply Depot  
  20  1:53  SCV  
  21  2:01  Barracks Reactor  
  21  2:05  SCV  
  22  2:09  Refinery  
  22  2:17  SCV  
  23  2:22  Factory  
  23  2:29  SCV  
  24  2:37  Marine x2  
  24  2:41  SCV  
  27  2:52  Orbital Command  
  27  2:55  Bunker  
  27  2:56  Marine x2  
  27  2:57  SCV  
  30  3:07  Factory Tech Lab  
  30  3:09  SCV  
  30  3:10  Bunker  
  31  3:14  Marine x2  
  33  3:20  Orbital Command  
  33  3:23  SCV  
  34  3:27  Siege Tank, Starport  
  34  3:30  Supply Depot  
  37  3:35  Marine x2  
  37  3:37  SCV  
  39  3:49  SCV  
  39  3:50  SCV  
  39  3:53  Marine  
  39  3:55  Supply Depot  
  42  3:59  Liberator  
  42  4:01  SCV, Marine  
  46  4:11  Orbital Command  
  46  4:13  SCV  
  45  4:25  SCV  
  45  4:28  Supply Depot  
  45  4:29  Hellion x2, Marine  
  45  4:30  Stimpack  
  51  4:36  SCV  
  51  4:38  SCV  
  53  4:46  Supply Depot  
  53  4:48  Marine  
  53  4:50  SCV x2  
  53  4:51  Hellion  
  60  4:53  Hellion  
  60  4:59  Medivac  
  62  5:00  Supply Depot  
  62  5:03  Supply Depot  
  62  5:05  SCV  
  62  5:08  SCV  
  63  5:19  Command Center  
  63  5:21  SCV x2  
  65  5:29  Barracks x2, Marine  
  65  5:30  Starport Reactor  
  65  5:31  Factory Tech Lab  
  65  5:35  SCV x2  
  68  5:44  Engineering Bay  
  68  5:45  Engineering Bay  
  68  5:48  Marine  
  68  5:49  SCV  
  70  5:51  Siege Tank  
  70  5:54  Supply Depot, Refinery  
  70  5:56  Refinery, Bunker  
  70  5:59  SCV  
  70  6:01  SCV  
  72  6:11  SCV  
  73  6:13  Terran Infantry Weapons Level 1  
  73  6:14  Terran Infantry Armor Level 1, SCV  
  73  6:17  Marine x2  
  76  6:23  SCV  
  75  6:26  SCV  
  75  6:27  Siege Tank  
  78  6:34  Combat Shields  
  78  6:35  SCV  
  78  6:38  SCV  
  80  6:40  Starport Reactor  
  80  6:45  Marine  
  80  6:46  Marine  
  82  6:47  SCV  
  82  6:50  SCV, Bunker  
  82  6:51  Marine x2  
  82  6:52  Bunker  
  86  6:57  Barracks  
  86  6:59  SCV, Barracks  
  86  7:00  Missile Turret x2  
  88  7:05  SCV  
  88  7:06  Missile Turret  
  88  7:07  Orbital Command  
  88  7:09  Marine  
  87  7:18  SCV x2, Factory Reactor, Missile Turret  
  87  7:19  Marine  
  87  7:20  Missile Turret  
  92  7:27  Marine  
  92  7:28  Missile Turret, Marine  
  92  7:29  Marine  
  94  7:31  Marine  
  94  7:37  Marine  
  95  7:44  Medivac  
  94  7:45  Barracks Reactor, Marine, Medivac  
  94  7:46  Missile Turret, Marine  
  94  7:47  Marine  
  94  7:49  Marine  
  94  7:50  Armory  
  98  7:54  Barracks Reactor, Marine  
  98  7:56  Factory  
  98  7:58  Refinery  
  99  7:59  Widow Mine x2  
  99  8:03  Marine  
  99  8:04  Marine  
  99  8:05  Supply Depot, Marine  
  105  8:07  Marine  
  105  8:12  Marine  
  107  8:17  Supply Depot  
  107  8:19  Supply Depot  
  108  8:21  Supply Depot, Marine  
  108  8:24  Supply Depot  
  108  8:26  Medivac x2, Marine x2  
  116  8:28  SCV  
  116  8:29  Supply Depot  
  117  8:35  SCV  
  117  8:38  Widow Mine x2  
  117  8:39  SCV, Supply Depot, Marine  
  121  8:45  Terran Vehicle And Ship Armor Level 1  
  121  8:46  Marine  
  122  8:50  Factory Tech Lab, Marine x2  
  122  8:53  Marine  
  122  8:54  Marine  
  126  8:57  Supply Depot, Marine x2  
  126  8:58  Medivac  
  126  9:02  Missile Turret  
  129  9:05  Missile Turret  
  129  9:08  Marine  
  130  9:10  Siege Tank  
  130  9:11  Marine x3  
  130  9:19  Marine  
  130  9:21  Widow Mine  
  130  9:22  Medivac  
  130  9:23  Marine  
  120  9:26  Orbital Command, Widow Mine  
  120  9:27  Marine x2  
  120  9:28  Marine x2, Medivac  
  125  9:34  Marine  
  125  9:35  Marine  
  124  9:38  Barracks  
  124  9:39  Barracks x2  
  118  9:45  Marine  
  118  9:46  SCV, Marine  
  118  9:47  Orbital Command  
  118  9:50  SCV  
  118  9:52  SCV  
  122  9:58  SCV, Marine x2  
  122  9:59  Widow Mine x2  
  125  10:02  SCV  
  125  10:06  Marine  
  122  10:08  Marine x2  
  122  10:10  SCV  
  122  10:13  Marine  
  124  10:14  SCV  
  124  10:15  Marine  
  124  10:17  Marine  
  124  10:18  Widow Mine  
  125  10:22  Marine x2  
  125  10:23  SCV  
  125  10:24  Marine  
  127  10:29  Marine  
  127  10:35  Marine x2  
  114  10:36  Marine x2  
Tags
 
Add a new tag
Caveats
  • Supply blocks, unpowered buildings, or Contaminate may cause inaccurate times.
  • Supply counts are checked every 10 seconds.